 Dungeon Crawl Stone Soup version 0.30-a0-170-g85af917532 (webtiles) character file.

Game seed: 17475445697539191373

1939 Flugkiller the Trooper (level 8, 0/64 HPs)
             Began as a Mummy Fighter on Sept 30, 2022.
             Was a Believer of Nemelex Xobeh.
             Slain by a warg (6 damage)
             ... on level 6 of the Dungeon.
             The game lasted 00:12:16 (9014 turns).

Flugkiller the Trooper (Mummy Fighter)              Turns: 9014, Time: 00:12:17

Health: 0/64       AC: 14    Str: 21    XL:     8   Next: 98%
Magic:  12/12      EV:  6    Int:  7    God:    Nemelex Xobeh [**....]
Gold:   410        SH:  4    Dex: 12    Spells: 7/7 levels left

rFire   x . .      SeeInvis .    a - +0 war axe
rCold   + . .      Faith    +    c - +0 buckler
rNeg    + + +      Spirit   .    k - +0 plate armour
rPois   ∞          Reflect  .    (no helmet)
rElec   .          Harm     .    i - +0 cloak
rCorr   .          Rampage  .    (no gloves)
Will    +....                    (no boots)
Stlth   ..........               (no amulet)
HPRegen 0.20/turn                (no ring)
MPRegen 0.13/turn                (no ring)

@: about to teleport
A: cold resistance 1, negative energy resistance 3, torment resistance 2, heat
vulnerability 1, in touch with death 1, no potions, faith
a: Renounce Religion, Draw Escape, Draw Destruction, Draw Summoning


You were on level 6 of the Dungeon.
You worshipped Nemelex Xobeh.
Nemelex Xobeh was pleased with you.
You visited 1 branch of the dungeon, and saw 6 of its levels.

You collected 410 gold pieces.

Inventory:

Hand Weapons
 a - a +0 war axe (weapon)
Missiles
 e - 2 throwing nets (quivered)
Armour
 c - a +0 buckler (worn)
 g - a +0 hat
   (You found it on level 1 of the Dungeon)
 i - a +0 cloak (worn)
   (You found it on level 4 of the Dungeon)
 k - a +0 plate armour (worn)
   (You found it on level 4 of the Dungeon)
 n - a +0 kite shield
   (You found it on level 5 of the Dungeon)
Wands
 j - a wand of light (8)
   (You found it on level 4 of the Dungeon)
Scrolls
 b - a scroll of torment
 d - 2 scrolls of brand weapon
 f - a scroll of immolation
 h - a scroll of butterflies {unknown}
 l - a scroll of summoning
 m - a scroll of enchant armour {unknown}
 o - a scroll of vulnerability {unknown}
 t - a scroll of teleportation


   Skills:
 - Level 6.1 Fighting
 - Level 3.8 Axes
 + Level 0.0(2.2) Maces & Flails
 - Level 6.1 Armour
 - Level 2.4 Shields
 - Level 6.0 Invocations


You had 7 spell levels left.
You didn't know any spells.
Your spell library contained the following spells:

 Spells                   Type           Power      Damage    Failure   Level
 Hailstorm                Conj/Ice       0%         3d3       100%        3
 Simulacrum               Ice/Necr       0%         N/A       100%        6
 Lehudib's Crystal Spear  Conj/Erth      0%         10d2      100%        8
 Shatter                  Erth           0%         3d5*      100%        9
 Ice Form                 Ice/Tmut       Unusable   N/A       N/A         4

Dungeon Overview and Level Annotations

Branches:
Dungeon (6/15) Zot: 25017  Temple (0/1) D:6

Altars:
Gozag
Nemelex Xobeh
Qazlal
Uskayaw

Shops:
D:2 (   D:6 :

Annotations:
D:2 1 runed translucent door, Crazy Yiuf
D:3 Sigmund


Innate Abilities, Weirdness & Mutations

You are immune to poison.
Your flesh is cold resistant. (rC+)
You are immune to negative energy. (rN+++)
You are immune to unholy pain and torment.
You are vulnerable to heat. (rF-)
You are in touch with the powers of death.
You do not drink.
You have a special connection with the divine. (Faith)


Message History

The iguana bites you but does no damage.
You barely miss the iguana. The iguana bites you.
You hit the iguana.
The iguana is lightly wounded.
The iguana hisses menacingly.
The iguana bites you.
You barely miss the iguana.
The iguana is lightly wounded.
The iguana bites you!
The iguana bites you but does no damage.
You slash the iguana!
The iguana is almost dead.
The iguana bites you but does no damage.
You closely miss the iguana.
The iguana is almost dead.
The iguana bites you!
You slash the iguana!
You kill the iguana!
You see here an iguana corpse.
You start resting.
HP restored.
A troll is nearby!
A troll is nearby!
The troll shouts!
You draw a card...
You have drawn Vitriol.
Press: ? - help, Shift-Dir - straight line, f - troll
Aim: a troll The glob of acid hits the troll!!!
The acid corrodes the troll!
You kill the troll!
You feel your dexterity returning.
Training target 6.0 for Invocations reached!
Your Invocations skill increases to level 6!
You need to enable at least one skill for training.
Found a stone staircase leading down.
A white imp comes into view.
The white imp shouts, "Decamp, thou spongy ditch-delivered wrapping tissue!"
A white imp is nearby!
Found a stone staircase leading down.
The white imp gestures at you.
The puff of frost hits you but does no damage.
You hit the white imp.
The white imp is heavily wounded.
You block the white imp's attack.
You barely miss the white imp.
The white imp is heavily wounded.
The white imp hits you but does no damage.
You slash the white imp!
You kill the white imp!
No target in view!
Found an escape hatch in the ceiling.
An ogre comes into view. It is wielding a +0 giant club.
The ogre shouts!
An ogre is nearby!
An ogre is nearby!
You draw a card...
You have drawn the Storm.
A fierce wind blows from the card.
You hear a mighty peal of thunder!
You barely miss the ogre. The ogre hits you with a +0 giant club.
You hit the ogre.
The ogre is lightly wounded.
The ogre hits you with a +0 giant club!
You hit the ogre.
The ogre is moderately wounded.
You block the ogre's attack.
You hit the ogre.
The ogre is moderately wounded.
The ogre hits you with a +0 giant club!
You barely miss the ogre.
The ogre is moderately wounded.
You closely miss the ogre.
The ogre is moderately wounded.
You block the ogre's attack.
You hit the ogre.
The ogre is heavily wounded.
The ogre hits you with a +0 giant club!
You draw a card...
You have drawn Pain.
Press: ? - help, Shift-Dir - straight line, f - ogre
Aim: an ogre, wielding a +0 giant club (heavily wounded)
The ogre convulses!
The ogre hits you with a +0 giant club!
* * * LOW HITPOINT WARNING * * *
You draw a card...
You have drawn Degeneration.
The ogre evaporates and reforms as a warg!
The warg twists and deforms.
The warg bites you but does no damage.
Unknown command.
You draw a card...
You have drawn the Storm.
A fierce wind blows from the card.
You hear a mighty peal of thunder!
The warg bites you.
* * * LOW HITPOINT WARNING * * *
Okay, then.
Unknown command.
Okay, then.
As you read the scroll of teleportation, it crumbles to dust.
You feel strangely unstable. The warg bites you but does no damage.
The warg bites you.
* * * LOW HITPOINT WARNING * * *
Unknown command.
You draw a card...
You have drawn the Cloud.
Clouds appear around you! The warg bites you.
You die...
Your body disappears without a glow.

........###.###......
.<.....##...#.....#.
.....(..........###
#...≈≈≈≈≈≈≈........
#..≈≈≈≈≈≈......#... #######
#..≈≈_....8....##.. ##.#.#.###
#§§≈≈≈≈≈≈.....##...
#........####h§≈≈≈≈≈≈≈......##
##.#.#>#..###@§...............
#.........##..................
##.#.#.#..........#...........
#.................#.#.#.......
##.#.#.#..#.....#...####......
##.#....####..###..# #......
#.............###..# #.......
#.>.............#..####...#..
#.............†......#...##.⌠


You could see a warg (misshapen).

Vanquished Creatures
  A troll (D:6)
  2 black bears (D:4)
  A phantom (D:6)
  A howler monkey (D:5)
  A jelly (D:5)
  2 hounds (D:4)
  5 quasits
  4 orc priests
  Jessica (D:3)
  4 iguanas
  Natasha (thrice) (D:3)
  8 orc wizards
  11 gnolls
  8 adders
  3 shadow imps
  7 white imps
  An ufetubus (D:5)
  3 dart slugs
  24 orcs
  10 ball pythons
  11 endoplasms
  4 giant cockroaches
  9 goblins
  17 hobgoblins
  7 kobolds
  3 quokkas
  7 bats
  2 frilled lizards (D:3)
  10 rats
170 creatures vanquished.

Vanquished Creatures (collateral kills)
  Grinder (D:4)
  Blork the orc (D:6)
2 creatures vanquished.

Vanquished Creatures (others)
  10 demonic plants (D:6)
  A plant (D:2)
11 creatures vanquished.

Grand Total: 183 creatures vanquished

Notes
Turn   | Place    | Note
-------+----------+-------------------------------------------
     0 | D:1      | Flugkiller the Mummy Fighter began the quest for the Orb.
     0 | D:1      | Reached XP level 1. HP: 18/18 MP: 1/1
    65 | D:1      | Got the Grimoire of Metal
   116 | D:1      | Reached XP level 2. HP: 24/24 MP: 2/2
   589 | D:1      | Gained mutation: You are in touch with the powers of death.
                  | [Mummy growth]
   589 | D:1      | Reached XP level 3. HP: 28/29 MP: 3/3
  1569 | D:2      | Reached XP level 4. HP: 35/35 MP: 4/4
  1640 | D:2      | Found a faded altar of an unknown god.
  1841 | D:2      | Found Xames's Antique Weapon Emporium.
  2500 | D:2      | Found a runed translucent door.
  2501 | D:2      | Noticed Crazy Yiuf
  2739 | D:3      | Noticed Natasha
  2767 | D:3      | Killed Natasha
  2768 | D:3      | Reached XP level 5. HP: 14/42 MP: 5/5
  3017 | D:3      | Noticed Natasha
  3032 | D:3      | Killed Natasha
  3428 | D:3      | Noticed Jessica
  3450 | D:3      | Killed Jessica
  3641 | D:3      | Noticed Sigmund
  4257 | D:3      | Noticed Natasha
  4268 | D:3      | Killed Natasha
  4269 | D:3      | Reached XP level 6. HP: 40/48 MP: 6/6
  4505 | D:4      | Noticed Grinder
  4559 | D:4      | Paralysed by Grinder for 5 turns
  4573 | D:4      | Killed Grinder
  4574 | D:4      | Reached skill level 5 in Fighting
  4729 | D:4      | Reached XP level 7. HP: 25/56 MP: 7/7
  4959 | D:4      | Found a stormy altar of Qazlal.
  4965 | D:4      | Found a sparkling altar of Nemelex Xobeh.
  5592 | D:4      | Became a worshipper of Nemelex Xobeh the Trickster
  5634 | D:5      | Entered Level 5 of the Dungeon
  5686 | D:5      | Found an opulent altar of Gozag.
  5858 | D:5      | Reached * piety under Nemelex Xobeh
  5878 | D:5      | Received a gift from Nemelex Xobeh
  5997 | D:5      | Received a gift from Nemelex Xobeh
  6226 | D:4      | Reached skill level 1 in Invocations
  6293 | D:5      | Reached skill level 5 in Armour
  6831 | D:4      | Reached XP level 8. HP: 61/64 MP: 9/9
  6982 | D:5      | Reached ** piety under Nemelex Xobeh
  7181 | D:6      | Found a hide-covered altar of Uskayaw.
  7221 | D:6      | Received a gift from Nemelex Xobeh
  7465 | D:6      | Found Guol's Book Emporium.
  7473 | D:6      | Noticed a troll
  7475 | D:6      | Noticed Blork the orc
  8063 | D:6      | Killed Blork the orc
  8380 | D:6      | Reached skill level 5 in Invocations
  8486 | D:6      | Found a staircase to the Ecumenical Temple.
  8962 | D:6      | Killed a troll
  9014 | D:6      | Slain by a warg

Illustrated notes

Levels and vault maps discovered:
D:1:      amcnicky_arrival_double_pillar, layout_basic, serial_bayou_ford_a,
          minmay_indecisive_spiral
D:2:      cheibrodos_greedy_goblins, layout_loops_corners,
          dreamdust_ecumenical_altar_statues, serial_shops,
          nicolae_shop_waterfront, serial_bayou_pond_b, uniq_crazy_yiuf_cottage
D:3:      layout_basic, minmay_crystal_room, uniq_natasha, uniq_sigmund,
          uniq_jessica
D:4:      layout_loops_ring, mainiacjoe_overflow_big_doors, grunt_ministairs_15,
          kennysheep_pointless_box, uniq_grinder
D:5:      layout_gridville, mainiacjoe_overflow_paths,
          ebering_dispersal_statue_hall
D:6:      layout_cave_pools, mainiacjoe_overflow_catwalk,
          minmay_temple_entry_waves, serial_demonic, serial_demonic_c,
          serial_demonic_e, serial_demonic_c, serial_demonic_f,
          serial_demonic_d, serial_demonic_c, serial_demonic_f,
          serial_demonic_b, serial_demonic_g, serial_demonic_d, serial_shops,
          nicolae_square_shop, st_stairs_8, uniq_blork_the_orc

Skill      XL: |  1  2  3  4  5  6  7  8 |
---------------+-------------------------+-----
Axes           | 2 3 |  3.8
Fighting       | 4 5 6 |  6.1
Armour         | 3 4 5 6 |  6.1
Invocations    | 2 6 |  6.0
Shields        | |  2.4

Action                   |  1- 3 |  4- 6 |  7- 9 || total
-------------------------+-------+-------+-------++-------
Melee: War axe           |   106 |   203 |   339 ||   648
Invok: Draw Destruction  |       |       |     6 ||     6
       Draw Escape       |       |       |     3 ||     3
       Draw Summoning    |       |       |     1 ||     1
  Use: Scroll            |     4 |     6 |     4 ||    14
Armor: Scale mail        |    37 |       |       ||    37
       Chain mail        |    27 |   141 |     2 ||   170
       Plate armour      |       |       |   391 ||   391
Dodge: Dodged            |    35 |    77 |   170 ||   282
Block: Buckler           |    18 |    41 |   103 ||   162

Table legend: (Time is in decaauts)
 A = Elapsed time spent in this place.
 B = Non-inter-level travel time spent in this place.
 C = Inter-level travel time spent in this place.
 D = Time resting spent in this place.
 E = Time spent auto-exploring this place.
 F = Levels seen in this place.
 G = Mean time per level.
                   A        B        C        D        E       F      G
               +--------+--------+--------+--------+--------+-----+--------+
         Total |   9310 |   8827 |    483 |   3129 |   3325 |   6 | 1551.7 |
       Dungeon |   9310 |   8827 |    483 |   3129 |   3325 |   6 | 1551.7 |
               +--------+--------+--------+--------+--------+-----+--------+

Top non-repeatable levels by time:
     D:5: 2356 daAuts
     D:2: 2081 daAuts
     D:4: 1358 daAuts
     D:1: 1306 daAuts
     D:3: 1216 daAuts
     D:6: 991 daAuts
